[Event "53rd Mar Del Plata Open 2024"]
[Site "Mar Del Plata"]
[Date "2024.03.24"]
[Round "2.3"]
[White "Marson, Juan Miguel"]
[Black "Tristan, Leonardo"]
[Result "0-1"]
[ECO "D31"]
[WhiteElo "2029"]
[BlackElo "2521"]
[Annotator "TA"]
[PlyCount "110"]
[EventDate "2024.03.23"]
[EventType "swiss"]
[EventCountry "ARG"]
[SourceTitle "playchess.com"]
[Source "ChessBase"]
[SourceQuality "1"]
[TimeControl "5400+30"]

1. d4 d5 2. c4 e6 3. Nc3 h6 4. cxd5 exd5 5. Bf4 Nf6 6. e3 Bd6 7. Bxd6 Qxd6 8. Bd3 {[%emt 0:00:19] Weiß hat minimalen Vorteil.} O-O 9. Nge2 Re8 10. Qc2 c6 11. O-O Nbd7 12. Ng3 Nb6 13. Rfe1 Bd7 14. Rad1 Re7 15. Na4 Nxa4 16. Qxa4 g6 17. Qc2 Rae8 18. Nf1 Kg7 19. f3 b6 20. Qc3 a5 21. Bb1 Qb4 22. Rc1 Rc8 23. Red1 c5 24. a3 (24. dxc5 {hält die Spannung aufrecht.} bxc5 25. b3 h5 26. Qa1) 24... Qxc3 25. Rxc3 c4 26. Re1 b5 27. e4 b4 28. axb4 axb4 29. Rcc1 Ba4 30. Ne3 Rd7 31. exd5 Bb3 32. Bc2 Ba2 (32... Bxc2 $11 {bleibt in der Remisbreite.} 33. Rxc2 Nxd5) 33. Ba4 $1 $16 Ra7 34. Bc6 c3 35. bxc3 bxc3 {[%emt 0:00:30] [#]} 36. Kf2 ({Natürlich nicht} 36. Rxc3 $6 Nxd5 37. Rc5 (37. Nxd5 Bxd5 38. Rc5 Bxc6 $11) 37... Nb4 $11) ({Vorzuziehen ist} 36. Ra1 $1 $16) 36... Bb3 $1 $14 37. Re2 (37. Ra1 $1 $14 Rxa1 38. Rxa1) 37... c2 $1 $11 38. Nxc2 Nxd5 (38... Rac7 $5) 39. Na1 $2 {[%emt 0:00:39][%mdl 8192] [#]} (39. Bxd5 $14 {bleibt weiter vorne.} Bxd5 40. Rb1) 39... Rxa1 $2 40. Rxa1 {[%emt 0:00:05] Bxd5 wäre nun fies.} Rxc6 41. Rd2 (41. Rb2 $11 {hält das Gleichgewicht.} Bc4 42. Rc2) 41... Nf6 $17 42. Ra5 Bd5 43. Rc5 Rb6 44. Rcc2 g5 45. Rb2 Ra6 {[%emt 0:00:05] Schwarz steht aktiver.} 46. Rd3 h5 47. Rbd2 h4 48. Rc3 (48. h3 $17) 48... Kg6 49. Rb2 (49. h3 $17) 49... Ra4 50. Rd3 (50. Rc5 $17) 50... Ra1 {[%emt 0:00:20] Und jetzt ...Bc4 wäre schön.} 51. h3 $2 (51. Re3) 51... Bc4 $19 {[%emt 0:00:38] Schwarz steht klar auf Gewinn.} 52. Rc3 Rf1+ 53. Ke3 Nd5+ 54. Kd2 Rf2+ 55. Ke1 Rxb2 {[%emt 0:00:12] Gewichteter Fehlerwert: Weiß=0.50/Schwarz=0.19 (sehr präzise) .  Verlustzug:     	Weiß=1     	---        Gewinn verpasst:   	---       	Schwarz=1     Fehler:       	Weiß=7     	Schwarz=1     Ungenau:       	Weiß=5     	Schwarz=5     OK:         	Weiß=12    	Schwarz=17    Bester:       	---       	Schwarz=1     Stark:        	Weiß=1     	Schwarz=2} 0-1

[Event "53rd Mar Del Plata Open 2024"]
[Site "Mar Del Plata"]
[Date "2024.03.24"]
[Round "2.4"]
[White "Fuentes, Agustin"]
[Black "Acosta, Pablo Ismael"]
[Result "0-1"]
[ECO "B28"]
[WhiteElo "2021"]
[BlackElo "2463"]
[Annotator "TA"]
[PlyCount "60"]
[EventDate "2024.03.23"]
[EventType "swiss"]
[EventCountry "ARG"]
[SourceTitle "playchess.com"]
[Source "ChessBase"]
[SourceQuality "1"]
[TimeControl "5400+30"]

1. e4 c5 2. Nf3 a6 3. c3 d5 4. exd5 Qxd5 5. d4 Nf6 6. Nbd2 e6 7. Bc4 Qd8 8. a4 {[%emt 0:07:35] White has an edge.} Nc6 9. dxc5 Bxc5 10. O-O O-O 11. Qe2 Qc7 12. Nb3 Be7 13. Nbd4 Nxd4 14. cxd4 Rd8 15. Rd1 Bd7 16. Ne5 Be8 17. Bf4 Qa5 18. Bd2 Qb6 19. a5 (19. Bd3 $11 {keeps the balance.}) 19... Qd6 (19... Qxb2 $17 20. Nf3 (20. Rab1 Qxd4 21. Rxb7 Bc5 $17) 20... Qc2) 20. Bg5 $11 Rac8 (20... Qc7 {simplifies} 21. Bf4 Rac8 22. d5 Nxd5 23. Bxd5 Rxd5 24. Rxd5 exd5 25. Ng6 Bd6) 21. Ra3 (21. b3 $11) 21... Nd5 (21... Nd7 {simplifies} 22. Bxe7 Qxe7 23. Nxd7 Qxd7 24. Rc3 Qd6) 22. Bxd5 {[%emt 0:05:06] Strongly threatening Bxe7.} Bxg5 (22... exd5 23. Nxf7 Bxf7 (23... Kxf7 24. Bxe7 Bb5 25. Qf3+ Kxe7 26. Re1+ Kd7 27. Qf7+ Kc6 28. Rc3+ Bc4 29. Rxc4+ Kb5 30. Rxc8 $18) 24. Bxe7 $16 (24. Qxe7 h6 $18)) 23. Bxb7 Bb5 24. Qh5 {[%emt 0:03:51] [#] This costs White the game.} ({Better is} 24. Qe1 $1 $15 Rc2 25. Bf3) 24... Qxd4 $1 $19 25. Qxf7+ Kh8 26. Re1 {[%emt 0:02:34] [#]} (26. Rxd4 $2 Rc1+) (26. Ng6+ $2 hxg6 27. Re1 Rf8 $19) (26. Nd3 Rc1 27. Rxc1 Bxc1 28. h3 Bxd3 29. Rc3 Bxb2 (29... Bg6 $2 30. Qxe6 Bxb2 31. Rc8 $19) 30. Rc8 Rxc8 31. Bxc8) 26... Qxe5 $3 27. Raa1 Qc7 (27... Qxb2 28. Bxc8 Rxc8 29. Qxe6 $17) 28. Qh5 Qxb7 29. Qf7 (29. Qxg5 $19 h6 30. Qe3) 29... Qd5 (29... Qxf7 $142 30. h4 Rd2 (30... Bxh4 {gets mated.} 31. Kh2 Bxf2 32. Re3 Bxe3 33. Kh3 Qf5+ 34. Kh2 Qe5+ 35. Kh3 Bf2 36. Rh1 Qh5#) 31. Re2 Rxe2 (31... Bxe2 {leads to mate.} 32. Re1 Bd3 33. f3) 32. Rf1 Rxb2 (32... Bxh4 33. Kh2 Qf4+ 34. Kh1 Bxf2 35. Rxf2 Re1+ 36. Rf1 Rxf1#) 33. hxg5 Bxf1 34. Kh2 Qf4+ (34... Qxf2 $2 {is a self mate.} 35. Kh3 Qxg2+ 36. Kh4 Qh3#) 35. Kh1 Qxf2 36. Kh2 Qxg2#) 30. Red1 {[#]} Qd4 $2 {[%emt 0:00:30] Weighted Error Value: White=0.91/Black=0.40.  Loses game:     	White=1     	---        Mistake:       	White=4     	Black=3      Inaccurate:     	White=2     	Black=1      OK:         	White=9     	Black=7      Best:        	---       	Black=1      Brilliant:      	---       	Black=1} 0-1

[Event "53rd Mar Del Plata Open 2024"]
[Site "Mar Del Plata"]
[Date "2024.03.24"]
[Round "2.5"]
[White "Ruiz, Juan Ignacio"]
[Black "Spata, German"]
[Result "0-1"]
[ECO "D02"]
[WhiteElo "2019"]
[BlackElo "2421"]
[Annotator "TA"]
[PlyCount "132"]
[EventDate "2024.03.23"]
[EventType "swiss"]
[EventCountry "ARG"]
[SourceTitle "playchess.com"]
[Source "ChessBase"]
[SourceQuality "1"]
[TimeControl "5400+30"]

1. d4 Nf6 2. Bf4 d5 3. e3 c5 4. c3 Nc6 5. Nd2 e6 6. Ngf3 Bd6 7. Bg3 O-O 8. Bd3 b6 9. Qe2 Bb7 10. Ne5 Qc7 11. f4 Ne7 12. Bh4 Ne4 13. g4 f6 14. Nef3 Nxd2 15. Qxd2 e5 16. dxe5 fxe5 17. Ng5 e4 18. Be2 Ng6 $1 19. Bg3 $1 Qe7 (19... Rae8 $5) 20. h4 h6 21. Nh3 $1 ({Don't go for} 21. h5 $2 Nxf4 22. Bxf4 Bxf4 (22... hxg5 $2 23. Bxd6 Qxd6 24. O-O-O $19) 23. exf4 hxg5 24. fxg5 e3 $19) 21... Nxh4 22. O-O-O Nf3 23. Bxf3 $2 ({Only move:} 23. Qc2 $11) 23... exf3 $17 24. g5 h5 ({Better is} 24... Rae8 $19 25. gxh6 Qxe3 26. Qxe3 Rxe3) 25. g6 $17 Rf5 26. Ng5 $2 (26. Qd3 $17 Raf8 27. Bf2) 26... Rxg5 $19 27. fxg5 $2 (27. Bh4 {was the only defense.} Rg2 28. Bxe7 Rxd2 29. Kxd2 Bxe7 30. Rxh5) 27... Bxg3 $19 28. Rxh5 Qe4 29. Rh3 Be5 30. Rdh1 Qxg6 31. Qd1 Qe4 32. g6 Qxg6 33. Qxf3 Qf6 $2 (33... Bf6 $19 {aiming for ...Kf7.} 34. a3 Kf7) 34. Qg2 $1 $11 Qe6 35. Rh6 $2 {[%emt 0:02:49][%mdl 8192] [#]} (35. Rh7 $1 $11 {and White stays safe.}) 35... Bf6 $1 $19 36. Qg6 (36. R1h3 {is a better defense.}) 36... Qxe3+ $19 37. Kd1 Qf3+ 38. Kc1 Qf4+ 39. Kd1 Qf3+ 40. Kc1 $1 {[%emt 0:00:20] [#]} Kf8 $1 41. Rh8+ Ke7 42. Re1+ Kd6 43. Rxa8 Bxa8 44. Qe8 Qf4+ 45. Kb1 Qf5+ 46. Ka1 Bb7 47. Qb8+ Kc6 48. Qxa7 Kc7 49. a4 Qd7 50. Kb1 Qf5+ 51. Ka1 $1 Qf4 52. Re8 Qf1+ 53. Ka2 Qa6 54. Qb8+ Kd7 55. b3 c4 (55... Bxc3 56. Qd8+ Kc6 57. Re6#) 56. Rf8 cxb3+ ({Worse is} 56... Bxc3 57. Rf7+ Ke6 58. Qe8+ (58. Qxb7 cxb3+ 59. Ka3 Qxb7 $11) 58... Kd6 59. Qe7+ Kc6 60. Qc7#) 57. Kxb3 Qc4+ 58. Kc2 Qxc3+ 59. Kd1 Qd4+ 60. Kc1 Qc3+ 61. Kd1 Qd3+ 62. Kc1 Bg5+ 63. Kb2 Qd4+ 64. Kb1 Qd1+ 65. Kb2 Bc1+ 66. Kb1 Bf4+ 0-1

[Event "53rd Mar Del Plata Open 2024"]
[Site "Mar Del Plata"]
[Date "2024.03.24"]
[Round "2.6"]
[White "Bazan, Octavio Aaron"]
[Black "Marrujo Pardo, Mauricio Emmanuel"]
[Result "0-1"]
[ECO "C89"]
[WhiteElo "2009"]
[BlackElo "2337"]
[Annotator "RC"]
[PlyCount "52"]
[EventDate "2024.03.23"]
[EventType "swiss"]
[EventCountry "ARG"]
[SourceTitle "playchess.com"]
[Source "ChessBase"]
[SourceQuality "1"]
[TimeControl "5400+30"]

1. e4 e5 2. Nf3 Nc6 3. Bb5 a6 4. Ba4 Nf6 5. O-O Be7 6. Re1 b5 7. Bb3 O-O 8. c3 d5 9. exd5 Nxd5 10. Nxe5 Nxe5 11. Rxe5 c6 12. d4 Bd6 13. Re1 Qh4 14. g3 Qh3 15. Re4 g5 16. Qf1 Qh5 17. Nd2 Bf5 18. f3 Nf6 19. Qg2 Nxe4 20. fxe4 Bh3 21. Qf2 Rae8 22. e5 Bxe5 23. dxe5 Rxe5 24. Bc2 Rfe8 25. Ne4 Rxe4 26. Bxe4 Qd1+ 0-1

[Event "53rd Mar Del Plata Open 2024"]
[Site "Mar Del Plata"]
[Date "2024.03.24"]
[Round "2.7"]
[White "Espinoza Palomino, Willyam"]
[Black "Arias Diaz, Miguel Angel"]
[Result "1-0"]
[ECO "B15"]
[WhiteElo "2400"]
[BlackElo "1996"]
[Annotator "TA"]
[PlyCount "131"]
[EventDate "2024.03.23"]
[EventType "swiss"]
[EventCountry "ARG"]
[SourceTitle "playchess.com"]
[Source "ChessBase"]
[SourceQuality "1"]
[TimeControl "5400+30"]

1. e4 c6 2. d4 d5 3. Nc3 dxe4 4. Nxe4 Nf6 5. Nxf6+ exf6 6. c3 Bd6 7. Bd3 O-O 8. Qc2 Re8+ 9. Ne2 h5 10. Be3 Nd7 {[%emt 0:01:11] The position is equal.} 11. O-O-O Nf8 12. Kb1 Be6 13. c4 Rc8 14. Nc3 Bb4 15. Ne4 Be7 16. h3 f5 17. Nc3 g6 18. d5 Bd7 (18... cxd5 $15 19. cxd5 Bd7 (19... Bxd5 20. Be2 $11)) 19. Be2 Bf6 20. Bf3 (20. Bxa7 c5 (20... Bxc3 21. bxc3 c5 22. Qb2 $17) 21. Nb5 Qa5 $17) 20... Qa5 21. Bd4 $36 {[%emt 0:01:52][%mdl 2048] Black is under pressure.} Nh7 22. Qd2 {[%emt 0:07:27] Black must now prevent Bxf6.} Qa6 23. Bxf6 Nxf6 24. Qd4 c5 25. Qf4 Ne4 $2 26. Bxe4 $18 fxe4 27. d6 (27. Nxe4 $2 Rxe4 28. Qxe4 Bf5 $19) 27... Kg7 28. Nd5 {[%emt 0:05:33] Black is weak on the dark squares} (28. Nxe4 $2 Rxe4 29. Qxe4 Bf5 $19) 28... Re6 {[%emt 0:00:05] Prevents Qf6+} 29. Nc7 Qxc4 30. Nxe6+ $2 (30. Rhe1 $18) 30... Bxe6 $16 31. b3 Qb5 (31... Qc3 $16) 32. Qe5+ $1 $18 (32. Qxe4 $2 Bf5 $19) 32... Kh7 (32... Kg8 {was necessary.} 33. g4 (33. Qxe4 $2 Bf5 $19) (33. Rhe1 Re8 $16) 33... Re8) 33. g4 $1 (33. Qxe4 $2 Bf5 $19) 33... h4 (33... Qe8 {was worth a try.} 34. Rhe1 (34. gxh5 Bf5 $18) 34... Qh8) 34. Rhe1 (34. Qxe4 c4 $16) 34... a5 $2 (34... Qb6 35. Re3 (35. Rxe4 c4 $18) (35. Qxe4 Rd8 $18) 35... Re8 36. Qxe4 (36. Rxe4 Bxb3 37. Qxe8 Ba4+ 38. Kc1 Bxe8 $18) 36... Kg8) 35. Rxe4 Re8 36. Qf4 $2 (36. f3 $18) 36... Bxb3 $1 $11 37. Rxe8 Bxd1+ 38. Kc1 {[%emt 0:00:01] Dancing on a razor blade.} Qxe8 39. Kxd1 {[%emt 0:00:02][%mdl 4096] Endgame. KQ-KQ} Kg7 40. g5 (40. Qd2 $11 {keeps the balance.} Qa4+ 41. Kc1) 40... Qe6 ({Better is} 40... Kf8 $1 $17 {Strongly threatening ...Qe6.} 41. Qxh4 Qe5) 41. Qd2 $1 {[%emt 0:00:06] Threatens to win with d7.} Qd7 (41... Qxh3 $2 42. d7 $18) 42. Qd5 f6 (42... Qxh3 $2 43. d7 Qg4+ 44. Kc1 $18) 43. Qxc5 {[%emt 0:03:11] Hoping for Qc7.} Qa4+ 44. Kc1 Qf4+ 45. Kb2 Qd2+ 46. Kb3 Qd1+ $1 47. Ka3 {[%emt 0:00:40] And now Qc7+ would win.} (47. Kc4 $5 Qe2+ $8 48. Kb3 fxg5 49. Qd5 Qxf2 50. d7 Qb6+ 51. Kc2 $11) 47... Qd3+ $2 (47... fxg5 $11 48. Qe5+ (48. Qxa5 $2 Qxd6+ 49. Kb2 Qf4 $19) 48... Kh7) 48. Ka4 $18 fxg5 $2 (48... Kf7 49. gxf6 (49. Qxa5 Qxd6 50. gxf6 Qd1+ 51. Kb5 Qb1+ 52. Kc5 Qf5+ 53. Kb4 Qxf2 $19) (49. Kxa5 Qa6+ 50. Kb4 Ke6 $16) 49... Qd2) 49. Qe5+ $2 (49. Qxa5 Qd1+ (49... Qxh3 $2 50. Qe5+ Kh7 51. Qe7+ Kh6 52. Qf8+ Kh7 53. Qf7+ Kh6 54. d7 $18) (49... Qxd6 50. Qxg5 Qd4+ 51. Ka3 $17) 50. Kb5 Qxd6 51. Qc3+ Kh7 $17) (49. Kxa5 Kf6 $18) (49. Qc7+ Kh6 50. d7 (50. Qxa5 Qxd6 51. f3 Qd1+ 52. Ka3 Qxf3+ 53. Kb4 Qe4+ 54. Ka3 Qd3+ 55. Kb2 Qxh3 $19) (50. Kxa5 Qa3+ 51. Kb6 Qa6+ 52. Kc5 Qa3+ 53. Kd4 Qxa2 $11)) 49... Kh7 50. Qe7+ (50. Qxa5 $2 Qd1+ (50... Qxd6 51. Qxg5 Qd4+ 52. Kb3 $17) 51. Kb5 Qd5+ (51... Qxd6 $2 52. f3 $19) 52. Kb6 Qxd6+ 53. Kxb7 Qe7+ (53... g4 $2 54. hxg4 h3 55. Qe1 $19) 54. Kc8 g4 55. hxg4 h3 $19) (50. Kxa5 Qa6+ 51. Kb4 Qb6+ 52. Ka3 Qa7+ 53. Kb3 Qb6+ 54. Kc3 Qc6+ 55. Kd4 Qa4+ 56. Ke3 Qxa2 $16 (56... Qa3+ 57. Ke4 $11)) (50. Qxg5 Qc4+ 51. Kxa5 Qa6+ 52. Kb4 Qxd6+ 53. Qc5 Qe6 $11) 50... Kh6 51. d7 $2 (51. Kxa5 Qa6+ 52. Kb4 Qb6+ 53. Kc3 Qc5+ 54. Kd2 Qxf2+ 55. Kd3 Qf3+ (55... Qxa2 56. Qe5 $11) 56. Kd4 Qf2+ 57. Kd3 Qf3+ (57... Qxa2 58. d7 $11) 58. Kd4 Qf2+ 59. Kc4 Qxa2+ 60. Kb4 Qd2+ 61. Kb5 Qb2+ 62. Ka5 Qd4 $11) ({Only move:} 51. Qf8+ $1 $18 Kh7 52. Qe7+ (52. Kxa5 Qa6+ 53. Kb4 Qb6+ 54. Kc4 Qb2 $18) 52... Kh6 53. Qf8+ (53. Kxa5 Qa6+ 54. Kb4 Qb6+ 55. Kc3 Qc5+ 56. Kb2 Qb4+ 57. Kc1 Qc3+ 58. Kb1 Qb4+ 59. Kc2 Qc4+ 60. Kd1 Qd3+ 61. Kc1 Qc4+ 62. Kd1 Qd3+ 63. Ke1 Qb1+ 64. Ke2 Qc2+ 65. Kf1 Qd1+ 66. Kg2 Qd5+ 67. Kg1 Qd1+ 68. Kg2 Qd5+ 69. Kh2 Qf3 $11) (53. d7 Qc4+ 54. Kxa5 b6+ 55. Kxb6 Qd4+ 56. Kc6 Qa4+ 57. Kd5 Qxa2+ 58. Kd4 Qa1+ 59. Kc4 Qa4+ 60. Kc3 Qa1+ 61. Kb4 Qd4+ 62. Kb5 Qd3+ 63. Kb6 Qd4+ 64. Kb7 Qd5+ 65. Kb6 Qd4+ 66. Kb5 Qd3+ 67. Kb6 Qd4+ $11) 53... Kh7 54. Kxa5 b6+ 55. Kb4 (55. Kxb6 Qd4+ 56. Kc6 Qc4+ 57. Kd7 Qb5+ 58. Ke6 Qc4+ 59. Ke5 Qe2+ 60. Kd5 Qd3+ 61. Kc5 Qa3+ 62. Kb5 Qd3+ 63. Kb6 Qd4+ 64. Kb5 Qd5+ 65. Kb4 Qd2+ 66. Kb5 Qd5+ 67. Kb6 Qd4+ $11)) 51... Qc4+ $11 52. Kxa5 Qc7+ $2 (52... b6+ $11 53. Kxb6 Qd4+ 54. Kc6 Qa4+ 55. Kb6 Qd4+ 56. Kc6 Qa4+ 57. Kd5 Qxa2+ 58. Kd4 Qd2+ 59. Kc5 Qc3+ 60. Kb6 Qd4+ 61. Kc6 Qa4+ 62. Kd5 Qb5+ 63. Kd4 Qa4+ 64. Kc3 Qa1+ 65. Kb3 Qb1+ 66. Kc3 Qc1+ 67. Kd3 Qd1+ 68. Kc3 Qc1+ 69. Kb3 Qd1+ 70. Kc3 Qc1+) 53. Kb4 $18 Qf4+ 54. Kc3 (54. Kb5 $142 Qf5+ 55. Kb6 Qxf2+ 56. Qc5 (56. Kxb7 Qg2+ 57. Kb6 Qb2+ 58. Kc6 Qg2+ 59. Kc7 Qg3+ 60. Qd6 Qc3+ 61. Kb7 Qxh3 $18) 56... Qf6+ 57. Kc7 (57. Kxb7 Kh5 $18) 57... Qf7 58. Qd4 (58. Kxb7 $2 Qxd7+ 59. Kb8 Qxh3 $19) 58... Kh7 59. Kb8 (59. Kxb7 g4 $18)) 54... Qc1+ 55. Kb3 Qb1+ {[%emt 0:00:31] [#]} 56. Ka3 $2 (56. Kc4 $1 $18 Qc2+ 57. Kb4 Qd2+ 58. Kb5 Qb2+ 59. Ka5 Qxa2+ 60. Kb6 Qxf2+ 61. Qc5 (61. Kxb7 Qf3+ 62. Kc7 Qc3+ 63. Kd8 Qh8+ 64. Qe8 Qf6+ 65. Kc7 Qc3+ 66. Kd6 Qf6+ 67. Qe6 Qf8+ 68. Kc7 Qc5+ 69. Qc6 Qe5+ 70. Kb7 Qa5 $18) 61... Qf6+ 62. Kc7 (62. Kxb7 Kh5 $18)) 56... Qc1+ $11 57. Kb4 (57. Ka4 $5 Qc4+ $8 58. Ka5 b6+ 59. Kxb6 Qd4+ 60. Kb7 Qd5+ 61. Ka6 Qd3+ 62. Ka7 Qd4+ 63. Kb7 Qd5+ 64. Kb6 Qd4+ 65. Kc6 Qa4+ 66. Kd5 Qxa2+ 67. Kd4 Qa4+ 68. Ke3 Qb3+ 69. Kd4 Qa4+ 70. Ke3 Qb3+ 71. Ke2 Qb5+ 72. Ke3 Qb6+ 73. Ke2 Qb5+ 74. Ke1 Qa5+ 75. Kd1 Qa4+ 76. Kd2 Qa2+ 77. Ke3 Qb3+ $11) 57... Qb2+ $2 (57... Qf4+ $11 58. Kb5 Qf5+ 59. Kb6 Qxf2+ 60. Qc5 (60. Kxb7 Qg2+ 61. Kc7 Qc2+ 62. Kd8 g4 $18) 60... Qf6+ 61. Kxb7 g4 62. Qc1+ (62. hxg4 Qf3+ 63. Qc6 Qf8 $18) 62... Kh7) 58. Ka5 {[%emt 0:00:20] White mates.} Qxa2+ 59. Kb6 Qa6+ 60. Kc7 Qc4+ 61. Kd8 {[%emt 0:00:47] Active counter play!} ({And not} 61. Kxb7 Qb5+ 62. Kc7 Qa5+ 63. Kc6 Qa6+ 64. Kc7 Qa7+ 65. Kc6 Qa6+ 66. Kc7 Qa5+ 67. Kc6 Qa6+ $11) 61... Qc6 62. Ke8 b5 63. Kf8 Qf3+ 64. Kg8 Qd5+ {[%emt 0:00:45] [#]} 65. Qf7 $1 Qa8+ 66. Qf8+ {[%emt 0:00:03] Weighted Error Value: White=0.44/Black=0.52.  Loses game:     	---       	Black=4      Missed win:     	White=2     	---        Mistake:       	White=2     	Black=7      Inaccurate:     	White=2     	Black=4      OK:         	White=17    	Black=18     Best:        	White=8     	Black=5      Strong:       	White=3     	Black=1} 1-0

[Event "53rd Mar Del Plata Open 2024"]
[Site "Mar Del Plata"]
[Date "2024.03.24"]
[Round "2.8"]
[White "Valerga, Diego"]
[Black "Zarate, Cristian"]
[Result "1-0"]
[ECO "E12"]
[WhiteElo "2442"]
[BlackElo "2020"]
[Annotator "TA"]
[PlyCount "55"]
[EventDate "2024.03.23"]
[EventType "swiss"]
[EventCountry "ARG"]
[SourceTitle "playchess.com"]
[Source "ChessBase"]
[SourceQuality "1"]
[TimeControl "5400+30"]

1. d4 Nf6 2. Nf3 e6 3. c4 b6 4. a3 Bb7 5. Nc3 Be7 6. d5 O-O 7. e4 Re8 8. Bd3 exd5 9. cxd5 d6 10. O-O Nbd7 (10... c6 $14) 11. Re1 {[%emt 0:02:23] White is more active.} ({White should try} 11. Nd4 $16) 11... Ng4 ({Better is} 11... Ne5 $14) 12. Nd4 Nge5 13. Bc2 Bf6 14. f4 Ng6 15. Be3 h5 16. Qf3 $18 (16. Qxh5 $6 Nxf4 17. Qf5 (17. Bxf4 Bxd4+ 18. Kh1 Bxc3 $11) 17... Ng6 $16) 16... h4 {[%emt 0:02:19] Black is weak on the light squares} 17. Rad1 a6 18. g4 b5 (18... Bxd4 $142 19. Bxd4 Rc8) 19. g5 Bxd4 20. Rxd4 ({Don't play} 20. Bxd4 Ndf8 21. Kh1 a5 $18) 20... Nb6 21. Qh5 Nc4 22. f5 {[%emt 0:06:58][%cal Oe4e5] [#] And now e5! would win.} Nxe3 $2 (22... Nge5 {was called for.}) 23. Rxe3 Re5 24. Kf2 (24. fxg6 $2 {is the wrong capture.} Rxg5+ 25. Kh1 Rxh5 $19) 24... Bc8 25. fxg6 fxg6 26. Qxh4 Rxg5 {[%emt 0:00:22] [#] ...Qf6+ is the strong threat.} 27. Rg3 Qf6+ 28. Ke3 {[%emt 0:00:13] Black got outplayed after the opening.   Weighted Error Value: White=0.09 (flawless) /Black=0.38.  Mistake:       	White=1     	Black=5      OK:         	White=12    	Black=7} 1-0

[Event "53rd Mar Del Plata Open 2024"]
[Site "Mar Del Plata"]
[Date "2024.03.24"]
[Round "2.9"]
[White "Kiselev, Vitalii"]
[Black "Duarte Fernandez, Agustin"]
[Result "1-0"]
[ECO "A26"]
[WhiteElo "2519"]
[BlackElo "2023"]
[Annotator "TA"]
[PlyCount "153"]
[EventDate "2024.03.23"]
[EventType "swiss"]
[EventCountry "ARG"]
[SourceTitle "playchess.com"]
[Source "ChessBase"]
[SourceQuality "1"]
[TimeControl "5400+30"]

1. Nf3 Nf6 2. c4 g6 3. Nc3 Bg7 4. g3 d6 5. Bg2 e5 6. O-O O-O 7. d3 Nc6 8. Rb1 a6 9. b4 h6 10. a4 Bd7 11. b5 axb5 12. axb5 {[%emt 0:00:02] White has an edge.} Ne7 13. Bb2 Qc8 14. Re1 Bh3 15. Bh1 Kh7 16. Qc2 Qe6 17. Ra1 c6 18. Ra4 d5 19. bxc6 bxc6 20. Nd2 (20. cxd5 $16 cxd5 21. Nxe5) 20... Nf5 $11 21. Rea1 Rxa4 22. Qxa4 (22. Nxa4 $11 {remains equal.} Nd4 23. Bxd4 exd4 24. Bf3) 22... Rb8 $1 $17 23. Qa2 (23. Nd1 $17) 23... Nd4 {[%emt 0:00:29][%cal Oe5e4] ...e4! is the strong threat.} 24. e3 Nc2 (24... Qf5 $19 {[%cal Of6g4] ...Ng4! would now be deadly.} 25. exd4 Qxd3) 25. Rc1 Nb4 26. Qb1 Ng4 {[%emt 0:01:32][%cal Og4f2] And now ...Nxf2! would win.} 27. Nd1 Qf5 (27... d4 $17 28. Ba3 c5 29. Bxb4 cxb4 (29... Rxb4 30. Qa2 $17)) 28. e4 (28. Rc3 $1 $15) 28... Qd7 (28... dxe4 $1 $17 {Hoping for ...Qd7.} 29. Bxe4 Qd7) 29. Ba3 Bf8 (29... dxe4 $15 30. Bxb4 e3 (30... Qxd3 $2 31. Qxd3 exd3 32. Bc3 $18) (30... c5 31. Nxe4 cxb4 32. c5 $19) 31. Nxe3 (31. fxe3 c5 $17) 31... Nxe3 32. fxe3 c5) 30. c5 (30. cxd5 $11 Be7 31. Qb2) 30... Na6 $15 31. Qc2 dxe4 32. Nxe4 Nb4 (32... Nc7 {simplifies} 33. Bg2 Bxg2 34. Kxg2 f5) 33. Qc4 ({White should try} 33. Bxb4 $15 Rxb4 34. Ra1) 33... Nxd3 $19 34. Bf3 {[%emt 0:00:23] Threatens to win with Bxg4.} Kg7 $2 (34... Nxc1 $19 35. Bxc1 (35. Bxg4 $2 Qd3 $19) 35... Bg7) 35. Rc3 (35. Ra1 $17) 35... Ne1 $1 {[%emt 0:04:12] ( -> ...Nxf3+)} 36. Be2 Rb1 ({Better is} 36... Qd4 $1 $19 {Strongly threatening ...f5.} 37. Ne3 Nxe3 (37... Rb1 38. Rc1 $15) 38. fxe3 Qxc4 39. Bxc4 Nf3+ 40. Kh1 Bf5) 37. Nd6 Bxd6 $1 38. cxd6 Qf5 {[%emt 0:00:12] Prevents Qe4} (38... Nf6 $15 39. Qxc6 Qxc6 40. Rxc6 Nd3) 39. f3 $1 $14 {[%emt 0:03:49][%mdl 1024] White has compensation. Really sharp!} Nf6 40. Kf2 (40. Bb2 $5) 40... Ng2 41. Bd3 (41. Qxc6 $2 Ng4+ 42. Kg1 Nf4 $19 (42... N4e3 43. Bc1 $16)) (41. Qd3 $16) 41... Ng4+ $2 (41... Rxd1 $11 42. Bxf5 Rd2+ 43. Kg1 Rd1+ 44. Kf2 Rd2+ 45. Kf1 (45. Kg1 Rd1+ 46. Kf2 $11) 45... Ne3+ (45... Bxf5 $2 46. d7 $18) 46. Ke1 Nxc4 47. Rxc4 Rxh2 (47... Bxf5 $2 48. Kxd2 Nd7 49. Rxc6 $18) 48. Bxh3 Rxh3) 42. Ke2 $18 e4 43. Bxb1 exf3+ 44. Rxf3 Qxf3+ 45. Kxf3 Ne5+ 46. Kf2 {[%emt 0:01:04] White threatens Bb2 and mate.} Nxc4 47. Bc5 Nd2 (47... f6 {is a better defense.} 48. Be4 (48. d7 Bxd7 49. Kxg2 g5 $18) 48... Bg4) 48. Bd3 Kf6 49. Bb4 Nb3 50. Bc3+ Kg5 51. Be4 {[%emt 0:01:04] A strong pair of Bishops.} Nf4 52. gxf4+ Kxf4 53. Bxc6 Nc5 54. Bg7 h5 55. Nc3 {[%emt 0:00:30] aiming for Ne2+.} Bd7 56. Nd5+ Kf5 57. Ne3+ Kf4 58. Bxd7 Nxd7 59. Nc4 f6 {[%emt 0:00:27] Repels Ne5} 60. Kg2 $2 ({White has to play} 60. Ke2 $18) 60... g5 $14 {[%emt 0:00:17] [#]} 61. Bxf6 $1 Nxf6 {[%emt 0:00:47][%mdl 4096] Endgame. KN-KN} 62. Nb6 g4 63. d7 Nxd7 $1 64. Nxd7 {[%emt 0:00:02] KN-KPP} h4 65. Nb6 (65. Kg1 $14) 65... Ke4 ({Black should play} 65... h3+ $1 $11 66. Kh1 g3) 66. Nc4 Kf4 67. Nd6 Ke5 68. Nc4+ Kf4 69. Nd2 Ke3 70. Nb1 Kf4 71. Nc3 Ke3 72. Kf1 (72. Nb5 $14) 72... g3 $2 (72... Kf3 $11) 73. h3 {[%emt 0:00:30] White mates.} Kf3 74. Ne2 $1 g2+ {[%emt 0:05:30] [#]} 75. Ke1 $1 ({Weaker is} 75. Kg1 Kxe2 76. Kxg2 Ke3 $11) 75... g1=Q+ 76. Nxg1+ Kg2 {[%emt 0:01:01] [#]} 77. Ke2 $1 {[%emt 0:00:08] Both players deserved the win here.   Weighted Error Value: White=0.49/Black=0.50.  Loses game:     	White=1     	Black=2      Missed win:     	---       	Black=1      Mistake:       	White=10    	Black=8      Inaccurate:     	White=6     	Black=4      OK:         	White=13    	Black=16     Best:        	White=6     	Black=8      Strong:       	White=1     	Black=4} 1-0